2910 views
Uploaded 2020-03-18 20:10:34
Game version 1.32.3
29:03 long 4on4 ladder game on (8)TwilightRuins_LV
Saved by BEARAND
2910 views
Uploaded 2020-03-18 20:10:34
Game version 1.32.3
29:03 long 4on4 ladder game on (8)TwilightRuins_LV


117 units @ 10.9k
/ 0.5k
357 buildings @ 18.6k
/ 9.6k
⇛
Mata
(29:02) : 


| Staff of Sanctuary | 3 | 750 |
| Lesser Clarity Potion | 1 | 70 |
| Staff of Teleportation | 3 | 450 |
| Boots of Speed | 1 | 250 |
| Orb of Corruption | 2 | 750 |
| Ancient Janggo of Endurance | 1 | 500 |
| Legion Doom-Horn | 1 | 500 |
| Medallion of Courage | 1 | 500 |
| total: | 13 | 3770g |
| Peasant | 31 | 2325 | / | 0 |
| total: | 31 | 2325g | / | 0w |
| Scout Tower | 56 | 1680 | / | 1120 |
| Arcane Tower | 1 | 70 | / | 50 |
| Guard Tower | 27 | 1890 | / | 1350 |
| Altar of Kings | 1 | 180 | / | 50 |
| Farm | 4 | 320 | / | 80 |
| Lumber Mill | 2 | 240 | / | 0 |
| Town Hall | 2 | 770 | / | 410 |
| Arcane Vault | 2 | 260 | / | 60 |
| Arcane Sanctum | 1 | 150 | / | 140 |
| Keep | 1 | 320 | / | 210 |
| Castle | 1 | 360 | / | 210 |
| total: | 68 | 3600g | / | 1860w |
| 0:00 | Peasant |
| 0:04 | Altar of Kings |
| 0:11 | Peasant |
| 0:17 | Farm |
| 0:23 | Peasant |
| 0:32 | Lumber Mill |
| 0:34 | Peasant |
| 0:48 | Peasant |
| 1:02 | Scout Tower |
| 1:04 | Peasant |
| 1:16 | Peasant |
| 1:19 | Scout Tower |
| 1:27 | Arcane Tower |
| 1:35 | Farm |
| 1:41 | Peasant |
| 1:53 | Guard Tower |
| 1:55 | Scout Tower |
| 2:07 | Blizzard |
| 2:11 | Peasant |
| 2:20 | Peasant |
| 2:22 | Guard Tower |
| 2:40 | Peasant |
| 2:42 | Scout Tower |
| 2:43 | Scout Tower |
| 2:53 | Peasant |
| 2:55 | Improved Masonry |
| 2:57 | Farm |
| 3:19 | Brilliance Aura |
| 3:23 | Peasant |
| 3:25 | Guard Tower |
| 3:31 | Scout Tower |
| 3:31 | Scout Tower |
| 3:32 | Scout Tower |
| 3:32 | Scout Tower |
| 3:33 | Peasant |
| 3:49 | Guard Tower |
| 3:51 | Scout Tower |
| 3:52 | Scout Tower |
| 4:17 | Guard Tower |
| 4:18 | Guard Tower |
| 4:32 | Staff of Teleportation |
| 5:29 | Guard Tower |
| 5:49 | Peasant |
| 5:51 | Town Hall |
| 6:14 | Arcane Vault |
| 6:16 | Guard Tower |
| 6:18 | Scout Tower |
| 6:18 | Scout Tower |
| 6:19 | Scout Tower |
| 6:19 | Scout Tower |
| 6:23 | Peasant |
| 6:25 | Keep |
| 7:04 | Scout Tower |
| 7:05 | Scout Tower |
| 7:05 | Scout Tower |
| 7:08 | Guard Tower |
| 7:09 | Scout Tower |
| 7:10 | Scout Tower |
| 7:10 | Scout Tower |
| 7:10 | Scout Tower |
| 7:20 | Brilliance Aura |
| 7:30 | Scout Tower |
| 7:30 | Scout Tower |
| 7:31 | Scout Tower |
| 7:35 | Peasant |
| 7:35 | Peasant |
| 7:55 | Guard Tower |
| 8:32 | Guard Tower |
| 8:35 | Farm |
| 8:37 | Peasant |
| 8:37 | Peasant |
| 8:39 | Guard Tower |
| 8:58 | Guard Tower |
| 9:00 | Guard Tower |
| 9:32 | Guard Tower |
| 9:34 | Peasant |
| 9:34 | Peasant |
| 9:38 | Advanced Masonry |
| 9:42 | Peasant |
| 9:42 | Peasant |
| 9:53 | Peasant |
| 10:15 | Peasant |
| 10:16 | Peasant |
| 10:20 | Castle |
| 10:36 | Arcane Sanctum |
| 10:39 | Storm Bolt |
| 11:30 | Peasant |
| 11:45 | Improved Lumber Harvesting |
| 11:47 | Arcane Vault |
| 11:51 | Peasant |
| 12:25 | Peasant |
| 12:32 | Blizzard |
| 12:41 | Imbued Masonry |
| 12:49 | Magic Sentry |
| 12:51 | Scout Tower |
| 12:51 | Scout Tower |
| 12:52 | Scout Tower |
| 12:52 | Scout Tower |
| 13:39 | Staff of Teleportation |
| 13:48 | Bash |
| 14:15 | Staff of Sanctuary |
| 14:21 | Lesser Clarity Potion |
| 14:37 | Guard Tower |
| 14:42 | Lumber Mill |
| 14:44 | Peasant |
| 14:47 | Scout Tower |
| 14:47 | Scout Tower |
| 14:48 | Scout Tower |
| 14:48 | Scout Tower |
| 15:33 | Guard Tower |
| 15:34 | Guard Tower |
| 15:47 | Staff of Sanctuary |
| 16:31 | Scout Tower |
| 16:32 | Scout Tower |
| 16:32 | Scout Tower |
| 16:33 | Scout Tower |
| 16:35 | Scout Tower |
| 16:37 | Scout Tower |
| 16:37 | Scout Tower |
| 16:51 | Holy Light |
| 16:59 | Guard Tower |
| 16:59 | Guard Tower |
| 17:04 | Staff of Teleportation |
| 17:05 | Boots of Speed |
| 17:18 | Scout Tower |
| 17:19 | Scout Tower |
| 17:19 | Scout Tower |
| 17:20 | Scout Tower |
| 17:20 | Scout Tower |
| 17:21 | Scout Tower |
| 17:30 | Ancient Janggo of Endurance |
| 17:31 | Legion Doom-Horn |
| 17:40 | Guard Tower |
| 18:07 | Staff of Sanctuary |
| 18:09 | Guard Tower |
| 18:11 | Scout Tower |
| 18:12 | Scout Tower |
| 18:12 | Scout Tower |
| 18:13 | Scout Tower |
| 18:14 | Scout Tower |
| 18:14 | Scout Tower |
| 18:15 | Scout Tower |
| 18:16 | Scout Tower |
| 18:17 | Scout Tower |
| 19:03 | Guard Tower |
| 20:12 | Orb of Corruption |
| 20:25 | Guard Tower |
| 20:27 | Scout Tower |
| 21:16 | Orb of Corruption |
| 21:51 | Storm Bolt |
| 21:56 | Town Hall |
| 21:58 | Guard Tower |
| 22:38 | Guard Tower |
| 22:46 | Medallion of Courage |
| 24:48 | Divine Shield |
| 27:03 | Bash |
| 28:46 | Blizzard |
| 28:47 | Holy Light |
| Right click | 2541 |
| Select | 909 |
| Select group | 283 |
| Assign group | 163 |
| Build/train/purchase | 147 |
| Use ability | 128 |
| Resource trade | 53 |
| Misc. action | 21 |
| Minimap ping | 14 |
| Remove unit | 4 |
| Item give/drop | 2 |



| Scroll of Regeneration | 4 | 400 |
| Mechanical Critter | 4 | 200 |
| Staff of Sanctuary | 3 | 750 |
| Lesser Clarity Potion | 5 | 350 |
| Potion of Healing | 1 | 150 |
| Potion of Mana | 1 | 200 |
| Boots of Speed | 3 | 750 |
| Staff of Teleportation | 2 | 300 |
| total: | 23 | 3100g |
| Peasant | 32 | 2400 | / | 0 |
| Priest | 1 | 135 | / | 10 |
| total: | 33 | 2535g | / | 10w |
| Scout Tower | 100 | 3000 | / | 2000 |
| Arcane Tower | 8 | 560 | / | 400 |
| Guard Tower | 40 | 2800 | / | 2000 |
| Altar of Kings | 2 | 360 | / | 100 |
| Farm | 6 | 480 | / | 120 |
| Lumber Mill | 1 | 120 | / | 0 |
| Arcane Vault | 2 | 260 | / | 60 |
| Town Hall | 4 | 1540 | / | 820 |
| Arcane Sanctum | 1 | 150 | / | 140 |
| Keep | 1 | 320 | / | 210 |
| Castle | 1 | 360 | / | 210 |
| total: | 116 | 5910g | / | 3240w |
| 0:02 | Peasant |
| 0:05 | Altar of Kings |
| 0:06 | Altar of Kings |
| 0:10 | Peasant |
| 0:19 | Peasant |
| 0:28 | Farm |
| 0:31 | Lumber Mill |
| 0:35 | Peasant |
| 0:39 | Peasant |
| 0:49 | Peasant |
| 1:00 | Farm |
| 1:12 | Peasant |
| 1:26 | Scout Tower |
| 1:35 | Scout Tower |
| 1:36 | Peasant |
| 1:42 | Improved Masonry |
| 1:54 | Peasant |
| 2:02 | Scout Tower |
| 2:04 | Scout Tower |
| 2:05 | Arcane Tower |
| 2:06 | Blizzard |
| 2:12 | Peasant |
| 2:34 | Peasant |
| 2:35 | Peasant |
| 2:36 | Arcane Tower |
| 2:37 | Scout Tower |
| 2:39 | Scout Tower |
| 2:51 | Peasant |
| 2:56 | Arcane Tower |
| 3:22 | Guard Tower |
| 3:25 | Peasant |
| 4:00 | Guard Tower |
| 4:03 | Scout Tower |
| 4:07 | Peasant |
| 4:32 | Keep |
| 4:37 | Scroll of Regeneration |
| 4:37 | Mechanical Critter |
| 4:37 | Mechanical Critter |
| 4:45 | Guard Tower |
| 4:50 | Scout Tower |
| 4:51 | Scout Tower |
| 4:55 | Arcane Vault |
| 5:22 | Guard Tower |
| 5:23 | Scout Tower |
| 5:35 | Farm |
| 6:10 | Guard Tower |
| 6:12 | Guard Tower |
| 6:13 | Scout Tower |
| 6:14 | Scout Tower |
| 6:14 | Scout Tower |
| 6:16 | Scout Tower |
| 6:20 | Scout Tower |
| 6:34 | Scroll of Regeneration |
| 6:35 | Mechanical Critter |
| 6:35 | Mechanical Critter |
| 7:05 | Brilliance Aura |
| 7:17 | Guard Tower |
| 7:19 | Scout Tower |
| 7:20 | Scout Tower |
| 7:22 | Advanced Masonry |
| 7:27 | Arcane Sanctum |
| 7:44 | Castle |
| 8:00 | Storm Bolt |
| 8:19 | Boots of Speed |
| 8:19 | Staff of Teleportation |
| 8:20 | Boots of Speed |
| 8:27 | Guard Tower |
| 8:29 | Scout Tower |
| 8:29 | Scout Tower |
| 8:31 | Improved Lumber Harvesting |
| 8:41 | Magic Sentry |
| 9:38 | Guard Tower |
| 9:40 | Scout Tower |
| 9:41 | Scout Tower |
| 10:04 | Farm |
| 10:09 | Scout Tower |
| 10:14 | Scout Tower |
| 10:21 | Guard Tower |
| 10:22 | Scout Tower |
| 10:24 | Scout Tower |
| 10:25 | Scout Tower |
| 10:34 | Scout Tower |
| 10:36 | Imbued Masonry |
| 10:37 | Advanced Lumber Harvesting |
| 10:48 | Guard Tower |
| 10:51 | Scout Tower |
| 11:02 | Bash |
| 11:03 | Guard Tower |
| 11:04 | Guard Tower |
| 11:18 | Arcane Tower |
| 11:19 | Scout Tower |
| 11:22 | Guard Tower |
| 11:27 | Scout Tower |
| 11:29 | Scout Tower |
| 11:31 | Scout Tower |
| 11:32 | Scout Tower |
| 11:37 | Staff of Teleportation |
| 11:53 | Arcane Tower |
| 12:14 | Blizzard |
| 12:42 | Town Hall |
| 12:44 | Scout Tower |
| 12:45 | Scout Tower |
| 12:50 | Scout Tower |
| 12:50 | Scout Tower |
| 12:50 | Scout Tower |
| 12:51 | Scout Tower |
| 12:52 | Scout Tower |
| 12:52 | Scout Tower |
| 12:55 | Holy Light |
| 13:01 | Guard Tower |
| 13:02 | Scout Tower |
| 13:44 | Scroll of Regeneration |
| 13:45 | Staff of Sanctuary |
| 13:47 | Guard Tower |
| 13:48 | Scout Tower |
| 14:08 | Scout Tower |
| 14:17 | Lesser Clarity Potion |
| 14:19 | Priest |
| 14:24 | Guard Tower |
| 14:25 | Scout Tower |
| 14:47 | Guard Tower |
| 14:49 | Scout Tower |
| 14:51 | Scout Tower |
| 14:55 | Lesser Clarity Potion |
| 14:58 | Guard Tower |
| 15:18 | Lesser Clarity Potion |
| 15:21 | Guard Tower |
| 15:23 | Scout Tower |
| 15:47 | Lesser Clarity Potion |
| 15:51 | Guard Tower |
| 15:55 | Scout Tower |
| 16:42 | Scout Tower |
| 16:47 | Scout Tower |
| 16:56 | Guard Tower |
| 16:57 | Scout Tower |
| 16:57 | Scout Tower |
| 16:59 | Peasant |
| 17:15 | Arcane Vault |
| 17:17 | Guard Tower |
| 17:20 | Scout Tower |
| 17:22 | Farm |
| 17:40 | Scout Tower |
| 17:44 | Guard Tower |
| 17:52 | Guard Tower |
| 17:55 | Scout Tower |
| 18:00 | Guard Tower |
| 18:03 | Scout Tower |
| 18:03 | Scout Tower |
| 18:04 | Scout Tower |
| 18:14 | Peasant |
| 18:15 | Peasant |
| 18:16 | Guard Tower |
| 18:18 | Scout Tower |
| 18:18 | Scout Tower |
| 18:21 | Boots of Speed |
| 18:32 | Peasant |
| 18:32 | Peasant |
| 18:43 | Guard Tower |
| 18:45 | Scout Tower |
| 19:04 | Peasant |
| 19:04 | Peasant |
| 19:04 | Peasant |
| 19:22 | Peasant |
| 19:23 | Scout Tower |
| 19:24 | Scout Tower |
| 19:25 | Scout Tower |
| 19:25 | Scout Tower |
| 19:25 | Scout Tower |
| 19:27 | Guard Tower |
| 19:34 | Scout Tower |
| 19:34 | Scout Tower |
| 19:43 | Scout Tower |
| 19:55 | Scout Tower |
| 19:58 | Staff of Sanctuary |
| 20:14 | Guard Tower |
| 20:16 | Guard Tower |
| 20:22 | Scout Tower |
| 20:23 | Scout Tower |
| 20:24 | Peasant |
| 20:29 | Guard Tower |
| 20:43 | Guard Tower |
| 20:49 | Town Hall |
| 20:57 | Scout Tower |
| 21:00 | Arcane Tower |
| 21:01 | Scout Tower |
| 21:02 | Scout Tower |
| 21:03 | Peasant |
| 21:12 | Farm |
| 21:26 | Arcane Tower |
| 22:35 | Scout Tower |
| 22:36 | Scout Tower |
| 22:37 | Scout Tower |
| 22:37 | Scout Tower |
| 22:38 | Peasant |
| 22:38 | Peasant |
| 22:38 | Peasant |
| 22:39 | Peasant |
| 22:50 | Staff of Sanctuary |
| 22:59 | Town Hall |
| 23:08 | Scout Tower |
| 23:10 | Scout Tower |
| 23:41 | Guard Tower |
| 24:13 | Guard Tower |
| 24:14 | Scout Tower |
| 24:41 | Storm Bolt |
| 24:49 | Guard Tower |
| 24:50 | Scout Tower |
| 24:58 | Potion of Healing |
| 25:00 | Potion of Mana |
| 25:13 | Scout Tower |
| 25:20 | Scroll of Regeneration |
| 25:21 | Lesser Clarity Potion |
| 25:50 | Guard Tower |
| 25:52 | Peasant |
| 25:53 | Peasant |
| 26:05 | Town Hall |
| 26:35 | Brilliance Aura |
| 26:41 | Scout Tower |
| 26:42 | Scout Tower |
| 26:42 | Scout Tower |
| 26:43 | Scout Tower |
| 26:43 | Scout Tower |
| 26:45 | Scout Tower |
| 26:46 | Scout Tower |
| 27:17 | Arcane Tower |
| 27:18 | Scout Tower |
| 27:18 | Scout Tower |
| 27:19 | Scout Tower |
| 27:45 | Divine Shield |
| 28:08 | Guard Tower |
| 28:12 | Scout Tower |
| 28:13 | Scout Tower |
| 28:13 | Scout Tower |
| 28:26 | Scout Tower |
| 28:26 | Scout Tower |
| 28:27 | Guard Tower |
| 28:57 | Guard Tower |
| Right click | 2138 |
| Select group | 840 |
| Select | 576 |
| Assign group | 382 |
| Build/train/purchase | 214 |
| Use ability | 111 |
| Chat | 20 |
| Misc. action | 19 |
| Resource trade | 8 |
| Item give/drop | 7 |
| Minimap ping | 2 |



| Potion of Healing | 3 | 450 |
| Potion of Mana | 5 | 1000 |
| Staff of Sanctuary | 3 | 750 |
| Scroll of Town Portal | 1 | 350 |
| Staff of Teleportation | 2 | 300 |
| Boots of Speed | 3 | 750 |
| Periapt of Vitality | 1 | 325 |
| Orb of Corruption | 3 | 1125 |
| total: | 21 | 5050g |
| Peasant | 22 | 1650 | / | 0 |
| Priest | 1 | 135 | / | 10 |
| Dragonhawk Rider | 5 | 1000 | / | 150 |
| Goblin Shredder | 2 | 750 | / | 200 |
| Goblin Zeppelin | 1 | 240 | / | 60 |
| total: | 31 | 3775g | / | 420w |
| Scout Tower | 138 | 4140 | / | 2760 |
| Arcane Tower | 6 | 420 | / | 300 |
| Guard Tower | 133 | 9310 | / | 6650 |
| Altar of Kings | 2 | 360 | / | 100 |
| Farm | 9 | 720 | / | 180 |
| Lumber Mill | 1 | 120 | / | 0 |
| Arcane Vault | 4 | 520 | / | 120 |
| Town Hall | 1 | 385 | / | 205 |
| Blacksmith | 1 | 140 | / | 60 |
| Barracks | 1 | 160 | / | 60 |
| Arcane Sanctum | 1 | 150 | / | 140 |
| Gryphon Aviary | 1 | 140 | / | 150 |
| Keep | 2 | 640 | / | 420 |
| Castle | 1 | 360 | / | 210 |
| total: | 159 | 6835g | / | 3775w |
| 0:01 | Peasant |
| 0:01 | Peasant |
| 0:07 | Altar of Kings |
| 0:18 | Farm |
| 0:25 | Peasant |
| 0:31 | Peasant |
| 0:39 | Lumber Mill |
| 0:48 | Peasant |
| 0:48 | Peasant |
| 0:57 | Scout Tower |
| 1:19 | Peasant |
| 1:24 | Farm |
| 1:26 | Peasant |
| 1:29 | Scout Tower |
| 1:33 | Scout Tower |
| 1:34 | Scout Tower |
| 1:38 | Arcane Tower |
| 1:39 | Peasant |
| 1:48 | Peasant |
| 2:00 | Scout Tower |
| 2:05 | Guard Tower |
| 2:08 | Blizzard |
| 2:17 | Arcane Tower |
| 2:19 | Scout Tower |
| 2:19 | Scout Tower |
| 2:20 | Peasant |
| 2:20 | Peasant |
| 2:20 | Peasant |
| 2:39 | Guard Tower |
| 2:40 | Scout Tower |
| 2:41 | Scout Tower |
| 2:41 | Peasant |
| 2:41 | Peasant |
| 2:44 | Guard Tower |
| 3:08 | Peasant |
| 3:10 | Guard Tower |
| 3:33 | Guard Tower |
| 3:34 | Guard Tower |
| 3:47 | Arcane Vault |
| 3:49 | Scout Tower |
| 4:01 | Peasant |
| 4:18 | Guard Tower |
| 4:22 | Staff of Teleportation |
| 4:22 | Boots of Speed |
| 4:29 | Guard Tower |
| 4:35 | Brilliance Aura |
| 4:52 | Scout Tower |
| 4:52 | Scout Tower |
| 4:53 | Scout Tower |
| 5:19 | Keep |
| 5:27 | Scout Tower |
| 5:28 | Scout Tower |
| 5:29 | Scout Tower |
| 5:29 | Scout Tower |
| 5:33 | Guard Tower |
| 5:40 | Farm |
| 5:58 | Guard Tower |
| 6:15 | Guard Tower |
| 6:15 | Guard Tower |
| 6:16 | Scout Tower |
| 6:17 | Scout Tower |
| 6:18 | Scout Tower |
| 6:18 | Scout Tower |
| 6:21 | Improved Masonry |
| 7:01 | Town Hall |
| 7:07 | Scout Tower |
| 7:08 | Scout Tower |
| 7:08 | Scout Tower |
| 7:08 | Scout Tower |
| 7:09 | Scout Tower |
| 7:10 | Scout Tower |
| 7:10 | Scout Tower |
| 7:11 | Scout Tower |
| 7:12 | Guard Tower |
| 7:15 | Guard Tower |
| 7:17 | Scout Tower |
| 7:18 | Scout Tower |
| 7:19 | Scout Tower |
| 7:34 | Goblin Shredder |
| 7:35 | Goblin Shredder |
| 7:35 | Goblin Zeppelin |
| 7:43 | Guard Tower |
| 7:52 | Guard Tower |
| 8:16 | Blizzard |
| 8:23 | Guard Tower |
| 8:23 | Guard Tower |
| 8:25 | Guard Tower |
| 8:25 | Guard Tower |
| 8:31 | Farm |
| 8:32 | Farm |
| 8:35 | Guard Tower |
| 8:36 | Guard Tower |
| 8:40 | Advanced Masonry |
| 9:11 | Guard Tower |
| 9:22 | Guard Tower |
| 9:24 | Potion of Healing |
| 9:35 | Scout Tower |
| 9:36 | Scout Tower |
| 9:37 | Scout Tower |
| 9:37 | Guard Tower |
| 9:39 | Scout Tower |
| 9:40 | Scout Tower |
| 9:40 | Scout Tower |
| 9:42 | Scout Tower |
| 9:42 | Scout Tower |
| 9:50 | Scout Tower |
| 9:51 | Scout Tower |
| 9:54 | Peasant |
| 9:54 | Peasant |
| 9:54 | Peasant |
| 9:54 | Peasant |
| 9:54 | Peasant |
| 10:03 | Arcane Sanctum |
| 10:06 | Guard Tower |
| 10:13 | Guard Tower |
| 10:17 | Guard Tower |
| 10:18 | Storm Bolt |
| 10:29 | Guard Tower |
| 10:30 | Guard Tower |
| 10:35 | Scout Tower |
| 10:36 | Scout Tower |
| 10:36 | Scout Tower |
| 10:38 | Scout Tower |
| 10:38 | Scout Tower |
| 10:44 | Arcane Tower |
| 10:48 | Arcane Vault |
| 11:01 | Guard Tower |
| 11:01 | Guard Tower |
| 11:41 | Guard Tower |
| 11:41 | Guard Tower |
| 11:46 | Guard Tower |
| 11:47 | Castle |
| 11:51 | Arcane Vault |
| 11:54 | Guard Tower |
| 11:55 | Magic Sentry |
| 11:55 | Priest |
| 11:59 | Scout Tower |
| 11:59 | Scout Tower |
| 12:00 | Scout Tower |
| 12:01 | Scout Tower |
| 12:01 | Scout Tower |
| 12:02 | Scout Tower |
| 12:10 | Scout Tower |
| 12:10 | Scout Tower |
| 12:11 | Scout Tower |
| 12:11 | Scout Tower |
| 12:12 | Scout Tower |
| 12:12 | Scout Tower |
| 12:26 | Scout Tower |
| 12:33 | Scout Tower |
| 12:33 | Scout Tower |
| 12:34 | Scout Tower |
| 12:37 | Guard Tower |
| 12:56 | Potion of Healing |
| 12:56 | Potion of Mana |
| 13:08 | Guard Tower |
| 13:17 | Guard Tower |
| 13:25 | Guard Tower |
| 13:26 | Scout Tower |
| 13:27 | Scout Tower |
| 13:27 | Scout Tower |
| 13:30 | Scout Tower |
| 13:31 | Scout Tower |
| 13:31 | Scout Tower |
| 13:32 | Scout Tower |
| 13:32 | Scout Tower |
| 13:32 | Scout Tower |
| 13:33 | Scout Tower |
| 13:33 | Scout Tower |
| 13:34 | Scout Tower |
| 13:34 | Scout Tower |
| 13:40 | Scout Tower |
| 13:41 | Scout Tower |
| 13:41 | Scout Tower |
| 13:47 | Scout Tower |
| 13:48 | Scout Tower |
| 13:48 | Scout Tower |
| 13:49 | Scout Tower |
| 13:57 | Altar of Kings |
| 13:58 | Farm |
| 13:58 | Farm |
| 13:59 | Farm |
| 14:00 | Guard Tower |
| 14:14 | Imbued Masonry |
| 14:18 | Guard Tower |
| 14:20 | Guard Tower |
| 14:32 | Scout Tower |
| 14:37 | Gryphon Aviary |
| 14:49 | Guard Tower |
| 14:50 | Guard Tower |
| 14:50 | Guard Tower |
| 14:51 | Guard Tower |
| 14:54 | Scout Tower |
| 15:11 | Arcane Vault |
| 15:14 | Guard Tower |
| 15:21 | Guard Tower |
| 15:28 | Farm |
| 15:37 | Scout Tower |
| 15:38 | Scout Tower |
| 15:39 | Scout Tower |
| 15:40 | Scout Tower |
| 15:44 | Scout Tower |
| 15:45 | Scout Tower |
| 15:45 | Scout Tower |
| 15:46 | Scout Tower |
| 15:50 | Guard Tower |
| 15:55 | Guard Tower |
| 15:57 | Scout Tower |
| 15:58 | Scout Tower |
| 16:10 | Staff of Teleportation |
| 16:10 | Boots of Speed |
| 16:12 | Periapt of Vitality |
| 16:17 | Scout Tower |
| 16:18 | Scout Tower |
| 16:20 | Staff of Sanctuary |
| 16:25 | Orb of Corruption |
| 16:28 | Guard Tower |
| 16:32 | Holy Light |
| 16:44 | Guard Tower |
| 16:51 | Guard Tower |
| 16:53 | Guard Tower |
| 17:20 | Scout Tower |
| 17:21 | Scout Tower |
| 17:21 | Scout Tower |
| 17:22 | Scout Tower |
| 17:22 | Scout Tower |
| 17:27 | Boots of Speed |
| 17:36 | Guard Tower |
| 17:37 | Guard Tower |
| 17:43 | Dragonhawk Rider |
| 17:43 | Dragonhawk Rider |
| 17:52 | Guard Tower |
| 17:59 | Staff of Sanctuary |
| 18:03 | Guard Tower |
| 18:07 | Scout Tower |
| 18:07 | Scout Tower |
| 18:07 | Scout Tower |
| 18:08 | Scout Tower |
| 18:15 | Guard Tower |
| 18:15 | Guard Tower |
| 18:25 | Blacksmith |
| 18:27 | Barracks |
| 18:41 | Arcane Tower |
| 18:42 | Guard Tower |
| 19:01 | Orb of Corruption |
| 19:03 | Potion of Mana |
| 19:05 | Scroll of Town Portal |
| 19:23 | Orb of Corruption |
| 19:48 | Potion of Healing |
| 19:58 | Dragonhawk Rider |
| 20:24 | Iron Forged Swords |
| 20:24 | Studded Leather Armor |
| 20:26 | Scout Tower |
| 20:33 | Priest Adept Training |
| 20:35 | Guard Tower |
| 20:35 | Guard Tower |
| 20:36 | Scout Tower |
| 20:36 | Scout Tower |
| 20:37 | Scout Tower |
| 20:37 | Scout Tower |
| 20:37 | Scout Tower |
| 20:38 | Scout Tower |
| 20:38 | Scout Tower |
| 20:38 | Scout Tower |
| 21:12 | Guard Tower |
| 21:13 | Scout Tower |
| 21:13 | Scout Tower |
| 21:14 | Scout Tower |
| 21:14 | Scout Tower |
| 21:15 | Guard Tower |
| 21:21 | Guard Tower |
| 21:22 | Scout Tower |
| 21:23 | Scout Tower |
| 21:34 | Animal War Training |
| 21:47 | Guard Tower |
| 22:14 | Guard Tower |
| 22:16 | Guard Tower |
| 22:16 | Guard Tower |
| 22:21 | Potion of Mana |
| 22:50 | Bash |
| 22:54 | Guard Tower |
| 22:55 | Guard Tower |
| 22:56 | Guard Tower |
| 22:57 | Scout Tower |
| 22:58 | Scout Tower |
| 23:08 | Guard Tower |
| 23:10 | Guard Tower |
| 23:10 | Guard Tower |
| 23:13 | Steel Forged Swords |
| 23:13 | Reinforced Leather Armor |
| 23:17 | Scout Tower |
| 23:18 | Scout Tower |
| 24:15 | Scout Tower |
| 24:16 | Scout Tower |
| 24:16 | Scout Tower |
| 24:36 | Brilliance Aura |
| 25:07 | Divine Shield |
| 25:27 | Potion of Mana |
| 26:00 | Guard Tower |
| 26:05 | Scout Tower |
| 26:06 | Scout Tower |
| 26:06 | Scout Tower |
| 26:07 | Scout Tower |
| 26:07 | Scout Tower |
| 26:07 | Scout Tower |
| 26:07 | Scout Tower |
| 26:08 | Scout Tower |
| 26:17 | Dragonhawk Rider |
| 26:17 | Dragonhawk Rider |
| 26:21 | Mithril Forged Swords |
| 26:21 | Dragonhide Armor |
| 26:40 | Guard Tower |
| 27:18 | Staff of Sanctuary |
| 27:20 | Potion of Mana |
| 27:22 | Guard Tower |
| 28:00 | Scout Tower |
| 28:00 | Scout Tower |
| 28:01 | Guard Tower |
| 28:01 | Guard Tower |
| 28:45 | Holy Light |
| 28:56 | Guard Tower |
| Right click | 2738 |
| Select | 1064 |
| Select group | 389 |
| Build/train/purchase | 346 |
| Use ability | 95 |
| Misc. action | 45 |
| Assign group | 17 |
| Chat | 16 |
| Minimap ping | 15 |
| Resource trade | 10 |
| Item give/drop | 2 |
| Remove unit | 2 |



| Orb of Corruption | 3 | 1125 |
| Boots of Speed | 3 | 750 |
| Staff of Teleportation | 3 | 450 |
| Circlet of Nobility | 1 | 175 |
| Staff of Sanctuary | 3 | 750 |
| Ancient Janggo of Endurance | 1 | 500 |
| Helm of Valor | 1 | 500 |
| Cloak of Flames | 1 | 500 |
| total: | 16 | 4750g |
| Acolyte | 11 | 825 | / | 0 |
| Ghoul | 9 | 1080 | / | 0 |
| Obsidian Statue | 2 | 400 | / | 70 |
| total: | 22 | 2305g | / | 70w |
| Nerubian Tower | 1 | 100 | / | 20 |
| Spirit Tower | 3 | 435 | / | 120 |
| Crypt | 1 | 200 | / | 50 |
| Altar of Darkness | 2 | 360 | / | 100 |
| Ziggurat | 4 | 600 | / | 200 |
| Necropolis | 1 | 225 | / | 0 |
| Graveyard | 1 | 215 | / | 0 |
| Tomb of Relics | 3 | 390 | / | 90 |
| Slaughterhouse | 2 | 280 | / | 270 |
| Halls of the Dead | 1 | 320 | / | 210 |
| Black Citadel | 1 | 325 | / | 230 |
| total: | 14 | 2270g | / | 710w |
| 0:04 | Acolyte |
| 0:09 | Crypt |
| 0:12 | Altar of Darkness |
| 0:17 | Acolyte |
| 0:25 | Ziggurat |
| 1:17 | Necropolis |
| 1:21 | Ghoul |
| 1:23 | Nerubian Tower |
| 1:36 | Ghoul |
| 1:49 | Ghoul |
| 2:10 | Ghoul |
| 2:19 | Death Coil |
| 2:26 | Ghoul |
| 3:15 | Ghoul |
| 3:16 | Ghoul |
| 4:33 | Ghoul |
| 4:41 | Graveyard |
| 4:57 | Unholy Aura |
| 5:09 | Ghoul |
| 5:41 | Halls of the Dead |
| 6:22 | Ziggurat |
| 7:31 | Death Coil |
| 7:59 | Tomb of Relics |
| 8:00 | Spirit Tower |
| 8:39 | Black Citadel |
| 9:00 | Frost Nova |
| 10:02 | Slaughterhouse |
| 10:22 | Boots of Speed |
| 10:23 | Staff of Teleportation |
| 10:41 | Ziggurat |
| 10:45 | Tomb of Relics |
| 10:46 | Tomb of Relics |
| 11:55 | Obsidian Statue |
| 12:00 | Acolyte |
| 12:09 | Spirit Tower |
| 12:13 | Boots of Speed |
| 12:59 | Acolyte |
| 12:59 | Acolyte |
| 12:59 | Acolyte |
| 12:59 | Acolyte |
| 13:02 | Obsidian Statue |
| 13:12 | Ziggurat |
| 13:17 | Orb of Corruption |
| 13:35 | Staff of Teleportation |
| 13:50 | Unholy Aura |
| 13:52 | Frost Armor |
| 14:31 | Impale |
| 16:14 | Boots of Speed |
| 16:27 | Orb of Corruption |
| 17:05 | Circlet of Nobility |
| 17:37 | Backpack |
| 18:08 | Orb of Corruption |
| 18:14 | Staff of Sanctuary |
| 18:21 | Ancient Janggo of Endurance |
| 21:08 | Staff of Sanctuary |
| 21:27 | Acolyte |
| 21:37 | Spiked Carapace |
| 22:18 | Altar of Darkness |
| 22:20 | Spirit Tower |
| 22:42 | Ghoul Frenzy |
| 22:44 | Unholy Strength |
| 22:44 | Unholy Armor |
| 23:17 | Slaughterhouse |
| 23:22 | Staff of Sanctuary |
| 24:09 | Staff of Teleportation |
| 24:34 | Helm of Valor |
| 24:37 | Cloak of Flames |
| 24:53 | Improved Unholy Strength |
| 24:55 | Acolyte |
| 25:38 | Acolyte |
| 25:38 | Acolyte |
| 26:51 | Frost Nova |
| 28:28 | Impale |
| Right click | 2872 |
| Select group | 1782 |
| Select | 230 |
| Resource trade | 130 |
| Use ability | 100 |
| Build/train/purchase | 93 |
| Misc. action | 41 |
| Assign group | 18 |
| Minimap ping | 10 |
| Item give/drop | 7 |
| Chat | 4 |
| Esc | 2 |
160 units @ 24.2k
/ 4.4k
112 buildings @ 12.6k
/ 5.7k


| Scroll of Regeneration | 5 | 500 |
| Lesser Clarity Potion | 5 | 350 |
| Potion of Healing | 3 | 450 |
| Potion of Mana | 1 | 200 |
| Orb of Fire | 1 | 325 |
| Staff of Sanctuary | 1 | 250 |
| Scroll of Town Portal | 2 | 700 |
| total: | 18 | 2775g |
| Peasant | 13 | 975 | / | 0 |
| Rifleman | 13 | 2665 | / | 390 |
| Gryphon Rider | 5 | 1400 | / | 350 |
| Dragonhawk Rider | 6 | 1200 | / | 180 |
| Mortar Team | 6 | 1080 | / | 420 |
| total: | 43 | 7320g | / | 1340w |
| Scout Tower | 4 | 120 | / | 80 |
| Arcane Tower | 2 | 140 | / | 100 |
| Guard Tower | 2 | 140 | / | 100 |
| Blacksmith | 1 | 140 | / | 60 |
| Farm | 11 | 880 | / | 220 |
| Barracks | 1 | 160 | / | 60 |
| Altar of Kings | 1 | 180 | / | 50 |
| Arcane Vault | 1 | 130 | / | 30 |
| Lumber Mill | 1 | 120 | / | 0 |
| Town Hall | 1 | 385 | / | 205 |
| Gryphon Aviary | 2 | 280 | / | 300 |
| Workshop | 2 | 280 | / | 280 |
| Keep | 1 | 320 | / | 210 |
| Castle | 1 | 360 | / | 210 |
| total: | 25 | 2675g | / | 1285w |
| 0:03 | Peasant |
| 0:03 | Peasant |
| 0:21 | Peasant |
| 0:26 | Peasant |
| 0:46 | Blacksmith |
| 0:50 | Farm |
| 0:55 | Peasant |
| 1:03 | Barracks |
| 1:06 | Altar of Kings |
| 1:11 | Peasant |
| 1:21 | Peasant |
| 1:31 | Farm |
| 1:40 | Peasant |
| 1:49 | Peasant |
| 1:59 | Scout Tower |
| 2:05 | Rifleman |
| 2:22 | Farm |
| 2:28 | Arcane Tower |
| 2:46 | Farm |
| 2:58 | Scout Tower |
| 3:01 | Rifleman |
| 3:09 | Storm Bolt |
| 3:23 | Rifleman |
| 3:32 | Rifleman |
| 3:35 | Keep |
| 4:05 | Rifleman |
| 4:22 | Rifleman |
| 4:28 | Arcane Vault |
| 4:53 | Lumber Mill |
| 5:21 | Thunder Clap |
| 5:38 | Farm |
| 5:43 | Town Hall |
| 5:47 | Scout Tower |
| 6:00 | Guard Tower |
| 6:15 | Storm Bolt |
| 6:19 | Scroll of Regeneration |
| 6:22 | Lesser Clarity Potion |
| 6:25 | Scroll of Regeneration |
| 6:28 | Rifleman |
| 6:32 | Arcane Tower |
| 7:01 | Peasant |
| 7:23 | Scout Tower |
| 7:28 | Long Rifles |
| 7:32 | Peasant |
| 7:32 | Peasant |
| 7:33 | Improved Lumber Harvesting |
| 7:51 | Guard Tower |
| 8:08 | Castle |
| 8:11 | Peasant |
| 8:21 | Rifleman |
| 8:31 | Scroll of Regeneration |
| 8:50 | Thunder Clap |
| 9:40 | Rifleman |
| 9:44 | Scroll of Regeneration |
| 9:45 | Lesser Clarity Potion |
| 9:51 | Scroll of Town Portal |
| 9:52 | Potion of Healing |
| 9:52 | Potion of Mana |
| 9:56 | Rifleman |
| 10:05 | Gryphon Aviary |
| 10:10 | Gryphon Aviary |
| 10:15 | Lesser Clarity Potion |
| 10:20 | Holy Light |
| 10:23 | Rifleman |
| 10:29 | Black Gunpowder |
| 10:43 | Rifleman |
| 10:46 | Farm |
| 10:47 | Farm |
| 10:48 | Farm |
| 11:58 | Scroll of Regeneration |
| 12:02 | Lesser Clarity Potion |
| 12:03 | Potion of Healing |
| 12:04 | Orb of Fire |
| 12:05 | Staff of Sanctuary |
| 12:06 | Scroll of Town Portal |
| 12:08 | Potion of Healing |
| 12:12 | Gryphon Rider |
| 12:23 | Lesser Clarity Potion |
| 12:35 | Farm |
| 12:58 | Storm Bolt |
| 14:20 | Rifleman |
| 15:51 | Workshop |
| 15:52 | Workshop |
| 15:53 | Farm |
| 15:53 | Farm |
| 16:38 | Devotion Aura |
| 16:48 | Storm Hammers |
| 16:49 | Gryphon Rider |
| 16:50 | Animal War Training |
| 16:51 | Sundering Blades |
| 17:27 | Gryphon Rider |
| 17:31 | Cloud |
| 17:36 | Dragonhawk Rider |
| 17:36 | Dragonhawk Rider |
| 17:41 | Mortar Team |
| 17:46 | Refined Gunpowder |
| 17:47 | Studded Leather Armor |
| 18:02 | Dragonhawk Rider |
| 18:36 | Dragonhawk Rider |
| 18:56 | Avatar |
| 20:02 | Holy Light |
| 20:27 | Dragonhawk Rider |
| 21:24 | Gryphon Rider |
| 21:30 | Mortar Team |
| 22:03 | Iron Forged Swords |
| 22:03 | Iron Plating |
| 22:04 | Imbued Gunpowder |
| 22:04 | Reinforced Leather Armor |
| 22:06 | Fragmentation Shards |
| 22:07 | Flare |
| 22:08 | Mortar Team |
| 23:49 | Mortar Team |
| 23:49 | Gryphon Rider |
| 24:30 | Steel Forged Swords |
| 25:39 | Dragonhawk Rider |
| 25:42 | Steel Plating |
| 27:10 | Mortar Team |
| 27:10 | Mortar Team |
| Right click | 1943 |
| Select group | 512 |
| Select | 432 |
| Build/train/purchase | 121 |
| Use ability | 70 |
| Assign group | 57 |
| Minimap ping | 7 |
| Item give/drop | 6 |
| Chat | 6 |
| Misc. action | 5 |
| Resource trade | 5 |
| Remove unit | 4 |

| Healing Salve | 5 | 500 |
| Scroll of Speed | 1 | 50 |
| Orb of Lightning | 1 | 375 |
| Scroll of Town Portal | 3 | 1050 |
| Boots of Speed | 1 | 250 |
| total: | 11 | 2225g |
| Peon | 19 | 1425 | / | 0 |
| Grunt | 4 | 800 | / | 0 |
| Raider | 7 | 1260 | / | 280 |
| Demolisher | 7 | 1540 | / | 350 |
| Wind Rider | 2 | 530 | / | 80 |
| total: | 39 | 5555g | / | 710w |
| Watch Tower | 2 | 220 | / | 160 |
| Altar of Storms | 1 | 180 | / | 50 |
| Orc Burrow | 8 | 1280 | / | 320 |
| Barracks | 3 | 540 | / | 150 |
| Voodoo Lounge | 1 | 130 | / | 30 |
| War Mill | 1 | 205 | / | 0 |
| Great Hall | 1 | 385 | / | 185 |
| Beastiary | 3 | 435 | / | 420 |
| Stronghold | 1 | 315 | / | 190 |
| Fortress | 1 | 325 | / | 190 |
| total: | 20 | 3375g | / | 1315w |
| 0:03 | Altar of Storms |
| 0:04 | Peon |
| 0:04 | Peon |
| 0:05 | Peon |
| 0:20 | Orc Burrow |
| 0:35 | Barracks |
| 0:43 | Peon |
| 1:01 | Peon |
| 1:02 | Peon |
| 1:28 | Orc Burrow |
| 1:38 | Grunt |
| 1:53 | Voodoo Lounge |
| 2:12 | Wind Walk |
| 2:22 | Peon |
| 2:24 | Grunt |
| 3:26 | Grunt |
| 3:28 | Stronghold |
| 4:04 | Orc Burrow |
| 5:00 | Boots of Speed |
| 5:08 | Grunt |
| 5:13 | Orc Burrow |
| 5:52 | Beastiary |
| 5:53 | Beastiary |
| 5:56 | Beastiary |
| 5:58 | Fortress |
| 6:02 | Healing Salve |
| 7:00 | Raider |
| 7:01 | Ensnare |
| 7:10 | War Mill |
| 7:22 | Critical Strike |
| 7:31 | Raider |
| 8:02 | Wind Walk |
| 8:13 | Raider |
| 8:22 | Pillage |
| 8:34 | Great Hall |
| 8:37 | Healing Salve |
| 8:44 | Reinforced Defenses |
| 8:48 | Scroll of Speed |
| 9:01 | Orb of Lightning |
| 9:35 | Barracks |
| 9:40 | Burning Oil |
| 9:52 | Orc Burrow |
| 9:55 | Critical Strike |
| 11:01 | Demolisher |
| 11:08 | Orc Burrow |
| 11:31 | Barracks |
| 11:43 | Healing Salve |
| 11:48 | Healing Salve |
| 12:07 | Demolisher |
| 12:46 | Demolisher |
| 13:32 | Raider |
| 13:35 | Wind Rider |
| 13:38 | Wind Rider |
| 14:27 | Demolisher |
| 14:47 | Orc Burrow |
| 16:30 | Peon |
| 16:30 | Peon |
| 16:30 | Peon |
| 16:30 | Peon |
| 16:48 | Scroll of Town Portal |
| 16:50 | Wind Walk |
| 18:22 | Spiked Barricades |
| 20:16 | Healing Salve |
| 20:23 | Scroll of Town Portal |
| 21:12 | Peon |
| 21:12 | Peon |
| 21:12 | Peon |
| 21:16 | Steel Ranged Weapons |
| 21:16 | Steel Armor |
| 21:40 | Demolisher |
| 22:45 | Scroll of Town Portal |
| 22:48 | Demolisher |
| 22:50 | Orc Burrow |
| 24:16 | Raider |
| 25:07 | Raider |
| 25:26 | Raider |
| 25:27 | Demolisher |
| 26:12 | Bladestorm |
| 26:23 | Peon |
| 26:23 | Peon |
| 26:23 | Peon |
| 27:13 | Peon |
| 27:13 | Peon |
| 27:26 | Watch Tower |
| 27:26 | Watch Tower |
| Right click | 1333 |
| Select group | 493 |
| Select | 402 |
| Build/train/purchase | 85 |
| Use ability | 48 |
| Misc. action | 39 |
| Assign group | 35 |
| Chat | 4 |
| Item give/drop | 3 |
| Remove unit | 2 |
| Esc | 1 |
| Minimap ping | 1 |



| Lesser Clarity Potion | 2 | 140 |
| Rod of Necromancy | 5 | 750 |
| Orb of Corruption | 1 | 375 |
| Scroll of Town Portal | 1 | 350 |
| Boots of Speed | 1 | 250 |
| Healing Salve | 1 | 100 |
| total: | 11 | 1965g |
| Acolyte | 9 | 675 | / | 0 |
| Ghoul | 15 | 1800 | / | 0 |
| Gargoyle | 3 | 525 | / | 90 |
| Obsidian Statue | 3 | 600 | / | 105 |
| Meat Wagon | 4 | 920 | / | 200 |
| Banshee | 2 | 310 | / | 60 |
| total: | 36 | 4830g | / | 455w |
| Nerubian Tower | 1 | 100 | / | 20 |
| Spirit Tower | 4 | 580 | / | 160 |
| Crypt | 3 | 600 | / | 150 |
| Ziggurat | 11 | 1650 | / | 550 |
| Altar of Darkness | 1 | 180 | / | 50 |
| Tomb of Relics | 1 | 130 | / | 30 |
| Graveyard | 1 | 215 | / | 0 |
| Necropolis | 1 | 225 | / | 0 |
| Sacrificial Pit | 1 | 75 | / | 150 |
| Slaughterhouse | 2 | 280 | / | 270 |
| Temple of the Damned | 2 | 310 | / | 280 |
| Halls of the Dead | 1 | 320 | / | 210 |
| Black Citadel | 1 | 325 | / | 230 |
| total: | 23 | 3665g | / | 1480w |
| 0:03 | Acolyte |
| 0:03 | Acolyte |
| 0:20 | Crypt |
| 0:22 | Ziggurat |
| 0:40 | Acolyte |
| 0:57 | Altar of Darkness |
| 0:59 | Tomb of Relics |
| 1:18 | Ziggurat |
| 1:21 | Ghoul |
| 1:39 | Ghoul |
| 1:50 | Nerubian Tower |
| 1:56 | Ghoul |
| 2:08 | Ghoul |
| 2:22 | Ghoul |
| 2:32 | Cleaving Attack |
| 2:36 | Ghoul |
| 2:45 | Ghoul |
| 3:12 | Ghoul |
| 3:44 | Ghoul |
| 3:44 | Acolyte |
| 4:29 | Graveyard |
| 4:31 | Halls of the Dead |
| 4:42 | Healing Salve |
| 4:43 | Lesser Clarity Potion |
| 4:46 | Lesser Clarity Potion |
| 5:03 | Ziggurat |
| 5:29 | Boots of Speed |
| 5:45 | Rod of Necromancy |
| 6:12 | Ghoul |
| 6:13 | Ghoul |
| 6:23 | Howl of Terror |
| 6:52 | Necropolis |
| 7:28 | Acolyte |
| 7:28 | Acolyte |
| 7:28 | Acolyte |
| 7:50 | Rod of Necromancy |
| 7:58 | Black Citadel |
| 8:14 | Ziggurat |
| 8:15 | Ziggurat |
| 8:24 | Death Coil |
| 8:26 | Cleaving Attack |
| 8:58 | Sacrificial Pit |
| 8:59 | Ghoul |
| 9:00 | Ghoul |
| 9:00 | Ghoul |
| 9:27 | Creature Attack |
| 9:33 | Spirit Tower |
| 9:43 | Rod of Necromancy |
| 9:43 | Rod of Necromancy |
| 10:08 | Ziggurat |
| 10:27 | Ziggurat |
| 10:33 | Creature Carapace |
| 10:35 | Ghoul Frenzy |
| 10:38 | Crypt |
| 10:39 | Crypt |
| 10:49 | Orb of Corruption |
| 11:07 | Slaughterhouse |
| 11:35 | Spirit Tower |
| 11:37 | Acolyte |
| 11:42 | Rod of Necromancy |
| 11:57 | Frost Nova |
| 12:11 | Gargoyle |
| 12:14 | Obsidian Statue |
| 12:30 | Spirit Tower |
| 12:36 | Gargoyle |
| 12:52 | Obsidian Statue |
| 13:10 | Meat Wagon |
| 14:08 | Improved Creature Attack |
| 14:09 | Gargoyle |
| 14:19 | Unholy Aura |
| 14:46 | Frost Armor |
| 15:31 | Howl of Terror |
| 15:53 | Acolyte |
| 16:02 | Ghoul |
| 16:55 | Death Coil |
| 17:22 | Ziggurat |
| 17:24 | Ziggurat |
| 17:25 | Ziggurat |
| 17:26 | Ziggurat |
| 17:28 | Spirit Tower |
| 17:32 | Temple of the Damned |
| 17:34 | Temple of the Damned |
| 19:09 | Banshee Adept Training |
| 19:09 | Banshee |
| 19:14 | Frost Nova |
| 19:18 | Obsidian Statue |
| 19:22 | Slaughterhouse |
| 19:28 | Scroll of Town Portal |
| 19:42 | Meat Wagon |
| 20:25 | Meat Wagon |
| 20:37 | Banshee Master Training |
| 20:38 | Banshee |
| 22:41 | Meat Wagon |
| Right click | 624 |
| Select group | 416 |
| Select | 327 |
| Build/train/purchase | 121 |
| Assign group | 46 |
| Use ability | 42 |
| Misc. action | 29 |
| Minimap ping | 9 |
| Chat | 6 |
| Item give/drop | 5 |


| Lesser Clarity Potion | 1 | 70 |
| Potion of Healing | 2 | 300 |
| Ivory Tower | 2 | 80 |
| total: | 5 | 450g |
| Peasant | 13 | 975 | / | 0 |
| Mortar Team | 23 | 4140 | / | 1610 |
| Sorceress | 3 | 465 | / | 60 |
| Spell Breaker | 1 | 215 | / | 30 |
| Goblin Shredder | 2 | 750 | / | 200 |
| total: | 42 | 6545g | / | 1900w |
| Scout Tower | 28 | 840 | / | 560 |
| Arcane Tower | 9 | 630 | / | 450 |
| Guard Tower | 8 | 560 | / | 400 |
| Altar of Kings | 1 | 180 | / | 50 |
| Farm | 7 | 560 | / | 140 |
| Lumber Mill | 1 | 120 | / | 0 |
| Blacksmith | 1 | 140 | / | 60 |
| Arcane Vault | 1 | 130 | / | 30 |
| Town Hall | 1 | 385 | / | 205 |
| Workshop | 3 | 420 | / | 420 |
| Arcane Sanctum | 1 | 150 | / | 140 |
| Keep | 1 | 320 | / | 210 |
| Castle | 1 | 360 | / | 210 |
| total: | 44 | 2925g | / | 1605w |
| 0:23 | Peasant |
| 0:23 | Peasant |
| 0:23 | Peasant |
| 0:29 | Altar of Kings |
| 0:32 | Farm |
| 0:42 | Peasant |
| 0:53 | Lumber Mill |
| 0:55 | Peasant |
| 1:11 | Farm |
| 1:20 | Peasant |
| 1:30 | Peasant |
| 1:36 | Scout Tower |
| 1:41 | Peasant |
| 1:51 | Peasant |
| 2:05 | Peasant |
| 2:31 | Blizzard |
| 2:39 | Keep |
| 2:42 | Farm |
| 2:49 | Arcane Tower |
| 3:38 | Blacksmith |
| 3:54 | Arcane Vault |
| 4:10 | Farm |
| 5:00 | Workshop |
| 5:05 | Workshop |
| 5:09 | Farm |
| 5:22 | Farm |
| 5:27 | Black Gunpowder |
| 5:31 | Arcane Sanctum |
| 6:09 | Mortar Team |
| 6:16 | Mortar Team |
| 6:41 | Flame Strike |
| 6:44 | Mortar Team |
| 6:49 | Mortar Team |
| 6:59 | Sorceress |
| 7:19 | Mortar Team |
| 7:38 | Farm |
| 7:43 | Sorceress Adept Training |
| 8:00 | Sorceress |
| 8:01 | Sorceress Master Training |
| 8:03 | Mortar Team |
| 8:07 | Flare |
| 8:23 | Brilliance Aura |
| 9:18 | Siphon Mana |
| 9:28 | Sorceress |
| 10:49 | Blizzard |
| 11:35 | Scout Tower |
| 11:37 | Scout Tower |
| 11:39 | Magic Sentry |
| 12:03 | Guard Tower |
| 12:08 | Refined Gunpowder |
| 12:10 | Castle |
| 12:15 | Town Hall |
| 13:44 | Flame Strike |
| 14:44 | Mortar Team |
| 14:44 | Fragmentation Shards |
| 14:48 | Spell Breaker |
| 14:50 | Workshop |
| 14:54 | Peasant |
| 14:54 | Peasant |
| 14:58 | Goblin Shredder |
| 14:58 | Goblin Shredder |
| 15:17 | Peasant |
| 15:26 | Mortar Team |
| 15:26 | Mortar Team |
| 15:56 | Mortar Team |
| 16:09 | Scout Tower |
| 16:10 | Scout Tower |
| 16:11 | Scout Tower |
| 16:11 | Scout Tower |
| 16:12 | Scout Tower |
| 16:12 | Scout Tower |
| 16:13 | Scout Tower |
| 16:20 | Mortar Team |
| 16:37 | Lesser Clarity Potion |
| 16:39 | Potion of Healing |
| 16:43 | Ivory Tower |
| 16:46 | Ivory Tower |
| 17:13 | Scout Tower |
| 17:13 | Scout Tower |
| 17:14 | Scout Tower |
| 17:14 | Scout Tower |
| 17:15 | Scout Tower |
| 17:15 | Scout Tower |
| 17:15 | Scout Tower |
| 17:16 | Scout Tower |
| 17:32 | Mortar Team |
| 17:49 | Guard Tower |
| 18:14 | Guard Tower |
| 18:16 | Guard Tower |
| 18:37 | Scout Tower |
| 18:39 | Scout Tower |
| 18:39 | Scout Tower |
| 18:40 | Scout Tower |
| 18:40 | Scout Tower |
| 19:20 | Arcane Tower |
| 19:24 | Guard Tower |
| 19:56 | Arcane Tower |
| 19:58 | Scout Tower |
| 20:32 | Arcane Tower |
| 20:34 | Scout Tower |
| 20:36 | Scout Tower |
| 21:11 | Mortar Team |
| 21:11 | Mortar Team |
| 21:11 | Mortar Team |
| 21:11 | Mortar Team |
| 21:34 | Guard Tower |
| 21:59 | Arcane Tower |
| 22:02 | Scout Tower |
| 22:39 | Arcane Tower |
| 23:34 | Mortar Team |
| 23:34 | Mortar Team |
| 23:36 | Potion of Healing |
| 23:45 | Scout Tower |
| 24:08 | Mortar Team |
| 24:08 | Mortar Team |
| 26:21 | Siphon Mana |
| 26:46 | Mortar Team |
| 26:46 | Mortar Team |
| 26:47 | Mortar Team |
| 26:49 | Brilliance Aura |
| 27:23 | Arcane Tower |
| Right click | 698 |
| Select | 458 |
| Build/train/purchase | 118 |
| Misc. action | 100 |
| Use ability | 69 |
| Select group | 13 |
| Assign group | 10 |
| Item give/drop | 2 |
| Remove unit | 2 |